| TOP OF THE 1ST |
|
Eugene Emeralds batting - Pitching for Boise Hawks : LHP Mike Pierce
|
|
Pitching: LHP Mike Pierce
|
|
|
Batting: RHB Hugo Torrez
|
0-0: Reached on error, E3 (Groundball, 34, EV 103.8 MPH)
|
|
Batting: RHB Dustin Goldsborough
|
0-0: Ball 1-0: Ball 2-0: Called Strike 2-1: Foul Ball, location: 2F 2-2: Strikes out swinging
|
|
Batting: RHB Jorge Lagunas
|
0-0: Called Strike 0-1: Swinging Strike 0-2: Fly out, F7 (Line Drive, 7S, EV 107.5 MPH)
|
|
Batting: RHB Bartolo Aguilar
|
0-0: Called Strike 0-1: Ball Hugo Torrez is caught stealing 2nd base 2-4
|
| Top of the 1st over - 0 runs, 0 hits, 1 error, 0 left on base; Eugene 0 - Boise 0 |
| BOTTOM OF THE 1ST |
|
Boise Hawks batting - Pitching for Eugene Emeralds : RHP Brendan Malzone
|
|
Pitching: RHP Brendan Malzone
|
|
|
Batting: SHB Rich McDonald
|
0-0: Ball 1-0: Called Strike 1-1: Fly out, F8 (Flyball, 8LS, EV 83.1 MPH)
|
|
Batting: SHB Clayton Saunders
|
0-0: Fly out, F4 (Popup, 34S, EV 73.1 MPH)
|
|
Batting: SHB Ken Griffey IV
|
0-0: Ball 1-0: Ball 2-0: Swinging Strike 2-1: Ball 3-1: Foul Ball, location: 2F 3-2: Strikes out swinging
|
| Bottom of the 1st over - 0 runs, 0 hits, 0 errors, 0 left on base; Eugene 0 - Boise 0 |
| TOP OF THE 2ND |
|
Eugene Emeralds batting - Pitching for Boise Hawks : LHP Mike Pierce
|
|
Batting: RHB Bartolo Aguilar
|
0-0: Called Strike 0-1: Ball 1-1: Foul Ball, location: 2F 1-2: Ball 2-2: SINGLE (Flyball, 4MD, EV 98.1 MPH)
|
|
Batting: RHB Mike Larson
|
0-0: Grounds into double play, 4-6-3 (Groundball, 4, EV 85.6 MPH)
|
|
Batting: RHB T.J. Garrison
|
0-0: Called Strike 0-1: Ground out 6-3 (Groundball, 6, EV 100.0 MPH)
|
| Top of the 2nd over - 0 runs, 1 hit, 0 errors, 0 left on base; Eugene 0 - Boise 0 |
| BOTTOM OF THE 2ND |
|
Boise Hawks batting - Pitching for Eugene Emeralds : RHP Brendan Malzone
|
|
Batting: RHB Andy Rayer
|
0-0: Fly out, F8 (Line Drive, 8LM, EV 84.4 MPH)
|
|
Batting: RHB Justin Garrett
|
0-0: Ground out 6-3 (Groundball, 6M, EV 108.1 MPH)
|
|
Batting: LHB Jerry Santana
|
0-0: Ball 1-0: Ball 2-0: Foul Ball, location: 2F 2-1: Called Strike 2-2: Ground out 1-3 (Groundball, 15S, EV 71.9 MPH)
|
| Bottom of the 2nd over - 0 runs, 0 hits, 0 errors, 0 left on base; Eugene 0 - Boise 0 |
| TOP OF THE 3RD |
|
Eugene Emeralds batting - Pitching for Boise Hawks : LHP Mike Pierce
|
|
Batting: RHB Juan Lira
|
0-0: Foul Ball, location: 2F 0-1: Swinging Strike 0-2: Ball 1-2: Ball 2-2: Foul Ball, location: 2F 2-2: SINGLE (Line Drive, 78M, EV 104.4 MPH)
|
|
Batting: RHB Rodolfo Perez
|
0-0: Bunted foul 0-1: Sac Bunt to 3S - play at first, batter OUT! 3-1 Juan Lira to second
|
|
Batting: RHB Gustavo Rodriguez
|
0-0: Ground out 1-3 (Groundball, 25, EV 73.1 MPH)
|
|
Batting: RHB Hugo Torrez
|
0-0: Called Strike 0-1: Ball 1-1: Ball 2-1: Foul Ball, location: 2F 2-2: Ground out 6-3 (Groundball, 6, EV 90.6 MPH)
|
| Top of the 3rd over - 0 runs, 1 hit, 0 errors, 1 left on base; Eugene 0 - Boise 0 |
| BOTTOM OF THE 3RD |
|
Boise Hawks batting - Pitching for Eugene Emeralds : RHP Brendan Malzone
|
|
Batting: RHB Bryce Hickman
|
0-0: Swinging Strike 0-1: SOLO HOME RUN (Flyball, 7D, EV 91.2 MPH), Distance : 355 ft
|
|
Pitching: RHP Jose Mata
|
|
|
Batting: RHB Seisaburo Edagawa
|
0-0: Ball 1-0: Ball 2-0: Ball 3-0: Called Strike 3-1: Foul Ball, location: 2F 3-2: Foul Ball, location: 2F 3-2: Foul Ball, location: 2F 3-2: Strikes out swinging
|
|
Batting: RHB Bob Hayes
|
0-0: Ball 1-0: Ball 2-0: Ground out 6-3 (Groundball, 6, EV 88.1 MPH)
|
|
Batting: SHB Rich McDonald
|
0-0: Ball 1-0: Foul Ball, location: 2F 1-1: Ball 2-1: Ball 3-1: Swinging Strike 3-2: Strikes out looking
|
| Bottom of the 3rd over - 1 run, 1 hit, 0 errors, 0 left on base; Eugene 0 - Boise 1 |
| TOP OF THE 4TH |
|
Eugene Emeralds batting - Pitching for Boise Hawks : LHP Mike Pierce
|
|
Batting: RHB Dustin Goldsborough
|
0-0: Swinging Strike 0-1: Foul Ball, location: 2F 0-2: Ground out 5-3 (Groundball, 5L, EV 94.4 MPH)
|
|
Batting: RHB Jorge Lagunas
|
0-0: Called Strike 0-1: Foul Ball, location: 2F 0-2: Ball 1-2: Foul Ball, location: 2F 1-2: Foul Ball, location: 2F 1-2: Strikes out looking
|
|
Batting: RHB Bartolo Aguilar
|
0-0: Called Strike 0-1: Swinging Strike 0-2: Ball 1-2: Strikes out swinging
|
| Top of the 4th over - 0 runs, 0 hits, 0 errors, 0 left on base; Eugene 0 - Boise 1 |
| BOTTOM OF THE 4TH |
|
Boise Hawks batting - Pitching for Eugene Emeralds : RHP Jose Mata
|
|
Batting: SHB Clayton Saunders
|
0-0: SINGLE (Groundball, 3D, EV 110.6 MPH)
|
|
Batting: SHB Ken Griffey IV
|
0-0: Ball Clayton Saunders steals 2nd base 1-0: Ball 2-0: Foul Ball, location: 2F 2-1: Ball 3-1: Foul Ball, location: 2F 3-2: Base on Balls
|
|
Batting: RHB Andy Rayer
|
0-0: Fly out, F9 (Flyball, 9LSF, EV 73.1 MPH)
|
|
Batting: RHB Justin Garrett
|
0-0: Ball 1-0: Ball 2-0: Foul Ball, location: 2F 2-1: Ball 3-1: Called Strike 3-2: Base on Balls Clayton Saunders to third Ken Griffey IV to second
|
|
Batting: LHB Jerry Santana
|
0-0: Ball 1-0: Ball 2-0: Foul Ball, location: 2F 2-1: SINGLE (Groundball, 56D, EV 100.0 MPH) Clayton Saunders scores Ken Griffey IV to third Justin Garrett to second Runner from 3rd tries for Home, throw by LF and OUT! 7-2
|
|
Batting: RHB Bryce Hickman
|
0-0: Called Strike 0-1: Swinging Strike 0-2: Strikes out swinging
|
| Bottom of the 4th over - 1 run, 2 hits, 0 errors, 2 left on base; Eugene 0 - Boise 2 |
| TOP OF THE 5TH |
|
Eugene Emeralds batting - Pitching for Boise Hawks : LHP Mike Pierce
|
|
Batting: RHB Mike Larson
|
0-0: Called Strike 0-1: Ball 1-1: Called Strike 1-2: Foul Ball, location: 2F 1-2: Ball 2-2: Strikes out looking
|
|
Batting: RHB T.J. Garrison
|
0-0: Fly out, F8 (Flyball, 89D, EV 95.0 MPH)
|
|
Batting: RHB Juan Lira
|
0-0: Ball 1-0: Foul Ball, location: 2F 1-1: Called Strike 1-2: Fly out, F8 (Line Drive, 8RM, EV 103.1 MPH)
|
| Top of the 5th over - 0 runs, 0 hits, 0 errors, 0 left on base; Eugene 0 - Boise 2 |
| BOTTOM OF THE 5TH |
|
Boise Hawks batting - Pitching for Eugene Emeralds : RHP Jose Mata
|
|
Batting: RHB Seisaburo Edagawa
|
0-0: Foul Ball, location: 2F 0-1: Foul Ball, location: 2F 0-2: Strikes out swinging
|
|
Batting: RHB Bob Hayes
|
0-0: Ground out 4-3 (Groundball, 4, EV 88.1 MPH)
|
|
Batting: SHB Rich McDonald
|
0-0: Ball 1-0: Called Strike 1-1: Ball 2-1: Ground out 6-3 (Groundball, 6MS, EV 90.6 MPH)
|
| Bottom of the 5th over - 0 runs, 0 hits, 0 errors, 0 left on base; Eugene 0 - Boise 2 |
| TOP OF THE 6TH |
|
Eugene Emeralds batting - Pitching for Boise Hawks : LHP Mike Pierce
|
|
Batting: RHB Rodolfo Perez
|
0-0: Ground out 6-3 (Groundball, 6, EV 88.8 MPH)
|
|
Batting: RHB Gustavo Rodriguez
|
0-0: Ball 1-0: Called Strike 1-1: Ball 2-1: Foul Ball, location: 2F 2-2: Ball 3-2: Foul Ball, location: 2F 3-2: Base on Balls
|
|
Batting: RHB Hugo Torrez
|
0-0: Called Strike 0-1: Ball 1-1: Ball 2-1: Foul Ball, location: 2F 2-2: Strikes out swinging
|
|
Batting: RHB Dustin Goldsborough
|
0-0: Called Strike 0-1: Called Strike 0-2: Ball 1-2: Foul Ball, location: 2F 1-2: Strikes out looking
|
| Top of the 6th over - 0 runs, 0 hits, 0 errors, 1 left on base; Eugene 0 - Boise 2 |
| BOTTOM OF THE 6TH |
|
Boise Hawks batting - Pitching for Eugene Emeralds : RHP Jose Mata
|
|
Batting: SHB Clayton Saunders
|
0-0: Ground out 4-3 (Groundball, 4S, EV 71.9 MPH)
|
|
Batting: SHB Ken Griffey IV
|
0-0: Ball 1-0: Foul Ball, location: 2F 1-1: Ball 2-1: Reached on error, E4 (Groundball, 4, EV 106.9 MPH)
|
|
Batting: RHB Andy Rayer
|
0-0: Ball Ken Griffey IV steals 2nd base 1-0: Ball 2-0: Ball Wild Pitch! Ken Griffey IV to third 3-0: Base on Balls
|
|
Batting: RHB Justin Garrett
|
0-0: Ball 1-0: Swinging Strike 1-1: Ball Andy Rayer steals 2nd base 2-1: Foul Ball, location: 2F 2-2: Ball 3-2: Strikes out swinging
|
|
Pitching: RHP Victor de Leon
|
|
|
Batting: LHB Jerry Santana
|
0-0: Called Strike 0-1: Foul Ball, location: 2F 0-2: Ball 1-2: Strikes out swinging
|
| Bottom of the 6th over - 0 runs, 0 hits, 1 error, 2 left on base; Eugene 0 - Boise 2 |
| TOP OF THE 7TH |
|
Eugene Emeralds batting - Pitching for Boise Hawks : LHP Mike Pierce
|
|
Batting: RHB Jorge Lagunas
|
0-0: Ball 1-0: Ball 2-0: Called Strike 2-1: Foul Ball, location: 2F 2-2: Ball 3-2: Ground out 4-3 (Groundball, 4, EV 79.4 MPH)
|
|
Pitching: RHP Befikadu Mthuthuzeli
|
|
|
Batting: RHB Bartolo Aguilar
|
0-0: Ball 1-0: Foul Ball, location: 2F 1-1: Ball 2-1: Fly out, F3 (Popup, 3SF, EV 85.0 MPH)
|
|
Batting: RHB Mike Larson
|
0-0: Swinging Strike 0-1: Ball 1-1: Called Strike 1-2: Strikes out swinging
|
| Top of the 7th over - 0 runs, 0 hits, 0 errors, 0 left on base; Eugene 0 - Boise 2 |
| BOTTOM OF THE 7TH |
|
Boise Hawks batting - Pitching for Eugene Emeralds : RHP Victor de Leon
|
|
Batting: RHB Bryce Hickman
|
0-0: Ball 1-0: Called Strike 1-1: Foul Ball, location: 2F 1-2: Strikes out swinging
|
|
Batting: RHB Seisaburo Edagawa
|
0-0: Foul Ball, location: 2F 0-1: DOUBLE (Line Drive, 78D, EV 103.1 MPH)
|
|
Batting: RHB Bob Hayes
|
0-0: Ball 1-0: Fly out, F9 (Flyball, 9LS, EV 93.1 MPH)
|
|
Batting: SHB Rich McDonald
|
0-0: Called Strike 0-1: Ground out 3-1 (Groundball, 34, EV 108.8 MPH)
|
| Bottom of the 7th over - 0 runs, 1 hit, 0 errors, 1 left on base; Eugene 0 - Boise 2 |
| TOP OF THE 8TH |
|
Eugene Emeralds batting - Pitching for Boise Hawks : RHP Befikadu Mthuthuzeli
|
|
Batting: RHB T.J. Garrison
|
0-0: Reached on error, E5 (Groundball, 5, EV 87.5 MPH)
|
|
Batting: RHB Juan Lira
|
0-0: Ball 1-0: Swinging Strike 1-1: Swinging Strike 1-2: Ball 2-2: Foul Ball, location: 2F 2-2: Strikes out swinging
|
|
Batting: RHB Rodolfo Perez
|
0-0: Ground out 5-3 (Groundball, 56, EV 86.9 MPH)
|
|
Batting: RHB Gustavo Rodriguez
|
0-0: Called Strike 0-1: Fly out, F7 (Flyball, 7, EV 98.1 MPH)
|
| Top of the 8th over - 0 runs, 0 hits, 1 error, 1 left on base; Eugene 0 - Boise 2 |
| BOTTOM OF THE 8TH |
|
Boise Hawks batting - Pitching for Eugene Emeralds : RHP Victor de Leon
|
|
Batting: SHB Clayton Saunders
|
0-0: SOLO HOME RUN (Line Drive, 89XD, EV 100.0 MPH), Distance : 401 ft
|
|
Batting: SHB Ken Griffey IV
|
0-0: Fly out, F7 (Line Drive, 7, EV 100.6 MPH)
|
|
Batting: RHB Andy Rayer
|
0-0: DOUBLE (Line Drive, 9LM, EV 88.8 MPH)
|
|
Batting: RHB Justin Garrett
|
0-0: Called Strike 0-1: Swinging Strike 0-2: Strikes out swinging
|
|
Batting: LHB Jerry Santana
|
0-0: Called Strike 0-1: Swinging Strike 0-2: Foul Ball, location: 2F 0-2: Ball 1-2: SINGLE (Line Drive, 78S, EV 90.6 MPH) Andy Rayer to third Runner from 3rd tries for Home, SAFE, throw by LF to home
|
|
Batting: RHB Bryce Hickman
|
0-0: Hit by Pitch Jerry Santana to second
|
|
Batting: RHB Seisaburo Edagawa
|
0-0: Ball 1-0: Ball 2-0: Ball 3-0: Base on Balls Jerry Santana to third Bryce Hickman to second
|
|
Batting: RHB Bob Hayes
|
0-0: Ball 1-0: Called Strike 1-1: Ball 2-1: DOUBLE (Groundball, 3L, EV 94.4 MPH) Jerry Santana scores Bryce Hickman scores Seisaburo Edagawa to third Runner from 3rd tries for Home, throw by RF and OUT! 9-4-2
|
| Bottom of the 8th over - 4 runs, 4 hits, 0 errors, 1 left on base; Eugene 0 - Boise 6 |
| TOP OF THE 9TH |
|
Eugene Emeralds batting - Pitching for Boise Hawks : RHP Befikadu Mthuthuzeli
|
|
Batting: RHB Hugo Torrez
|
0-0: Foul Ball, location: 2F 0-1: Ball 1-1: Ball 2-1: Swinging Strike 2-2: Ball 3-2: Strikes out swinging
|
|
Batting: RHB Dustin Goldsborough
|
0-0: Ball 1-0: Foul Ball, location: 2F 1-1: Swinging Strike 1-2: Ball 2-2: Ball 3-2: Strikes out swinging
|
|
Batting: RHB Jorge Lagunas
|
0-0: Called Strike 0-1: Foul Ball, location: 2F 0-2: Foul Ball, location: 2F 0-2: Strikes out swinging
|
| Top of the 9th over - 0 runs, 0 hits, 0 errors, 0 left on base; Eugene 0 - Boise 6 |
|